 Dungeon Crawl Stone Soup version 0.29.1-4-g47bece8355 (webtiles) character file.

Game seed: 11464358029481724026

17 ChadusMaximus the Caller (level 2, 0/19 HPs)
             Began as a Human Summoner on Dec 8, 2022.
             Succumbed to a kobold's poison
             ... on level 2 of the Dungeon.
             The game lasted 00:01:19 (1582 turns).

ChadusMaximus the Caller (Human Summoner)           Turns: 1582, Time: 00:01:19

Health: 0/19       AC:  2    Str:  8    XL:     2   Next: 80%
Magic:  3/5        EV: 12    Int: 15    God:
Gold:   54         SH:  0    Dex: 13    Spells: 4/5 levels left

rFire   . . .      SeeInvis .   d - +0 spear
rCold   . . .      Faith    .   (no shield)
rNeg    . . .      Spirit   .   a - +0 robe
rPois   .          Reflect  .   (no helmet)
rElec   .          Harm     .   (no cloak)
rCorr   .          Rampage  .   (no gloves)
Will    .....                   (no boots)
Stlth   ++........              (no amulet)
HPRegen 0.06/turn               (no ring)
MPRegen 0.09/turn               (no ring)

@: lethally poisoned (0 -> -25), flying
A: no striking features
a: no special abilities


You were on level 2 of the Dungeon.
You visited 1 branch of the dungeon, and saw 2 of its levels.

You collected 54 gold pieces.

Inventory:

Hand Weapons
 d - a +0 spear (weapon)
Armour
 a - a +0 robe (worn)
Scrolls
 c - a scroll of vulnerability {unknown}
 e - a scroll of identify {unknown}
 g - a scroll of torment {unknown}
 h - a scroll of fear {unknown}
Potions
 b - a potion of magic


   Skills:
 - Level 2.1 Dodging
 - Level 2.1 Stealth
 + Level 2.2 Spellcasting
 * Level 4.3 Summonings


You had 4 spell levels left.
You knew the following spells:

 Your Spells              Type           Power      Damage    Failure   Level
a - Summon Small Mammal   Summ           56%        N/A       3%          1

Your spell library contained the following spells:

 Spells                   Type           Power      Damage    Failure   Level
 Call Imp                 Summ           14%        N/A       5%          2
 Call Canine Familiar     Summ           14%        N/A       11%         3
 Apportation              Tloc           2%         N/A       22%         1
 Summon Guardian Golem    Hex/Summ       8%         N/A       26%         3
 Summon Lightning Spire   Summ/Air       8%         N/A       65%         4
 Alistair's Intoxication  Tmut/Pois      0%         N/A       99%         5


Dungeon Overview and Level Annotations

Branches:
Dungeon (2/15)

Altars:
Ashenzari


Message History

Casting: Summon Small Mammal (safe; 3% risk of failure)
Confirm with . or Enter, or press ? or * to list all spells.
You reach to attack!
You miss the frilled lizard. Your bat hits the kobold.
The kobold throws a stone.
The stone hits you but does no damage.
A goblin comes into view. It is wielding a +0 club.
Unknown command.
You hit the frilled lizard.
You kill the frilled lizard!
Your bat hits the kobold but does no damage.
Your bat completely misses the kobold.
Your bat hits the kobold but does no damage.
Your bat misses the kobold.
Unknown command.
You barely miss the kobold.
The kobold is moderately wounded.
Your bat hits the kobold but does no damage.
Your bat barely misses the kobold.
Your bat closely misses the kobold.
Your bat hits the kobold but does no damage.
The kobold hits you but does no damage.
You are poisoned.
You completely miss the kobold.
The kobold is moderately wounded.
You feel sick.
Your bat barely misses the kobold.
Your bat hits the kobold but does no damage.
The kobold hits you with a +2 short sword of venom.
You are lethally poisoned!
The goblin hits your bat with a +0 club.
Your bat misses the kobold. You completely miss the kobold.
The kobold is moderately wounded.
You feel very sick.
Your bat closely misses the kobold.
Your bat hits the kobold but does no damage.
The kobold hits you with a +2 short sword of venom.
* * * LOW HITPOINT WARNING * * *
You are more poisoned.
It was a potion of flight.
You feel very buoyant.
You fly up into the air.
You die...

## #. .....
#....### #
#.#.#..#
#.#####.#....#
#.......#....#
........#....#
.......>....#
.##...@b...#
#..K.b##.#
#.....g..##.#
#.##.....#..#
. .......#.##
........#.#
#####.####.#
..####.#
#....#


You could see a goblin, a kobold (ally target) and 2 friendly bats.

Vanquished Creatures
  2 bats (D:1)
  A hobgoblin (D:1)
  A frilled lizard (D:2)
  A kobold (D:1)
  A rat (D:1)
6 creatures vanquished.

Vanquished Creatures (collateral kills)
  A ball python (D:1)
  3 endoplasms (D:1)
  2 goblins (D:1)
  A hobgoblin (D:1)
  A kobold (D:1)
  2 rats (D:1)
10 creatures vanquished.

Grand Total: 16 creatures vanquished

Notes
Turn   | Place    | Note
-------+----------+-------------------------------------------
     0 | D:1      | ChadusMaximus the Human Summoner began the quest for the
                  | Orb.
     0 | D:1      | Reached XP level 1. HP: 13/13 MP: 3/3
   335 | D:1      | Reached XP level 2. HP: 13/19 MP: 1/5
   759 | D:1      | Found a faded altar of an unknown god.
  1571 | D:2      | Found a broken altar of Ashenzari.
  1582 | D:2      | Succumbed to a kobold's poison

Illustrated notes

Levels and vault maps discovered:
D:1:      lightli_arrival_flooded_house, layout_basic,
          chequers_ecumenical_altar_simple, serial_bayou, serial_bayou_shore_a,
          serial_bayou_lagoon_a, serial_bayou_pond_a, serial_bayou_shore_b
D:2:      layout_basic, serial_shops, shop, basic_altar, hangedman_decor_points

Action                   || total
-------------------------++-------
Melee: Unarmed           ||    12
       Spear             ||    29
 Cast: Summon Small Mamm ||    17
  Use: Potion            ||     1
 Stab: Sleeping          ||     2
Armor: Robe              ||     9
Dodge: Dodged            ||    27
